Get step-by-step instructions on how to execute this build order below. Start the game timer, and the build order will tick by so you can play in parallel with StarCraft on a second screen or mobile device.

Game Time

  0:00

Last Step

  N/A

Next Step

Upcoming Step



Don't want to look back and forth between 2 screens? Try out our Overwolf App, the Spawning Tool Build Advisor to get an in-game overlay with this build!

Complete Build Order

  12  0:00  Probe  
  13  0:12  Probe  
  14  0:18  Pylon  
  14  0:26  Probe  
  15  0:38  Gateway  
  15  0:43  Probe (Chrono Boost)  
  16  0:53  Assimilator, Probe (Chrono Boost)  
  17  0:58  Probe (Chrono Boost)  
  18  1:07  Assimilator  
  18  1:10  Probe  
  19  1:22  Probe  
  20  1:35  Cybernetics Core  
  20  1:37  Probe  
  21  1:49  Nexus  
  21  1:51  Probe  
  22  2:06  Pylon  
  23  2:08  Warp Gate (Chrono Boost), Probe  
  23  2:24  Probe  
  23  2:28  Forge  
  23  2:29  Sentry (Chrono Boost)  
  26  2:36  Probe  
  27  2:46  Gateway  
  27  3:01  Probe (Chrono Boost)  
  29  3:07  Probe (Chrono Boost)  
  29  3:10  Protoss Ground Weapons Level 1 (Chrono Boost)  
  27  3:13  Probe (Chrono Boost)  
  27  3:15  Probe (Chrono Boost)  
  29  3:26  Gateway  
  29  3:30  Gateway  
  29  3:32  Shield Battery  
  29  3:35  Gateway  
  29  3:36  Probe  
  29  3:38  Probe  
  31  3:48  Probe  
  31  3:51  Probe  
  33  4:00  Sentry x2, Probe  
  38  4:03  Probe  
  39  4:12  Assimilator, Probe  
  39  4:15  Probe  
  41  4:18  Pylon  
  41  4:25  Probe  
  41  4:27  Sentry x2  
  46  4:32  Pylon  
  46  4:36  Probe  
  46  4:37  Probe  
  48  4:39  Stalker x2  
  48  4:40  Stalker  
  54  4:47  Pylon  
  54  4:50  Probe  
  54  4:51  Stalker  
  57  5:00  Twilight Council, Probe  
  57  5:02  Probe  
  57  5:05  Pylon  
  59  5:09  Protoss Ground Armor Level 1 (Chrono Boost)  
  59  5:12  Probe  
  60  5:21  Probe  
  61  5:24  Assimilator, Probe  
  61  5:27  Pylon  
  62  5:31  Gateway  
  62  5:33  Probe  
  62  5:34  Gateway  
  63  5:42  Probe  
  64  5:45  Probe  
  65  5:53  Stalker  
  65  5:54  Stalker x2  
  71  6:03  Pylon  
  71  6:07  Blink (Chrono Boost)  
  71  6:10  Dark Shrine  
  71  6:13  Probe  
  71  6:14  Probe  
  73  6:22  Stalker x3  
  73  6:25  Stalker  
  81  6:26  Stalker  
  83  6:46  Pylon  
  79  7:13  Stalker x4  
  79  7:14  Stalker x2  
  84  7:50  Zealot x3  
  84  7:51  Zealot x3  
  64  8:09  Stalker  
  64  8:11  Stalker x2  
  64  8:12  Stalker  
  70  8:16  Zealot x2  
  70  8:17  Zealot  
  55  8:35  Probe x2  
  46  8:43  Stalker x5  
  46  8:44  Stalker x2  
  46  8:47  Probe